 Dungeon Crawl Stone Soup version 0.30-a0-847-g17996783a1 (webtiles) character file.

Game seed: 17563411536411698184

1449 Norrock the Ruffian (level 8, -4/72 (75) HPs)
             Began as a Green Draconian Transmuter on Mar 3, 2023.
             Was a Follower of Wu Jian.
             Slain by an orc
             ... wielding a +0 hand axe
              (6 damage)
             ... on level 6 of the Dungeon.
             The game lasted 00:25:41 (5252 turns).

Norrock the Ruffian (Green Draconian Transmuter)    Turns: 5252, Time: 00:25:42

HP:   -4/72 (75)    AC: 11    Str: 13    XL:     8   Next: 47%
MP:   9/12          EV: 10    Int: 21    God:    Wu Jian [*.....]
Gold: 207           SH:  0    Dex: 12    Spells: 8/13 levels left

rFire   x . .      SeeInvis .      - Unarmed
rCold   + + +      Faith    .    (shield currently unavailable)
rNeg    . . .      Spirit   .    (body armour unavailable)
rPois   +          Reflect  .    m - melded +2 hat
rElec   .          Rampage  .    (cloak currently unavailable)
rCorr   .                        d - melded +0 pair of gloves
Will    .....                    (boots currently unavailable)
Stlth   +                        (no amulet)
HPRegen 0.32/turn                k - +4 ring of protection
MPRegen 0.13/turn                q - +6 ring of intelligence

@: ice-form, lightly drained
A: freezing attack, amphibious, boosted hp, (breathe noxious fumes), AC +6,
large, unfitting armour, (poison resistance), (cold-blooded)
a: End Transformation, Renounce Religion


You were on level 6 of the Dungeon.
You worshipped Wu Jian.
Wu Jian was aware of your devotion.
You were a creature of crystalline ice.
You visited 2 branches of the dungeon, and saw 8 of its levels.

You collected 207 gold pieces.

Inventory:

Armour
 d - a +0 pair of gloves (melded)
 m - a +2 hat (melded)
Jewellery
 k - a +4 ring of protection (left front paw)
 q - a +6 ring of intelligence (right front paw)
Scrolls
 b - a scroll of fear {unknown}
 c - 3 scrolls of vulnerability
 f - a scroll of teleportation
 g - a scroll of poison
 h - a scroll of amnesia
 i - a scroll of magic mapping {unknown}
 j - a scroll of fog
 l - a scroll of silence {unknown}
 n - a scroll of blinking {unknown}
 p - a scroll of identify
Potions
 a - a potion of lignification
 e - a potion of magic {unknown}
 o - a potion of mutation {unknown}
 r - a potion of haste {unknown}


   Skills:
 - Level 3.0 Fighting
 - Level 1.7 Dodging
 + Level 7.2 Unarmed Combat
 - Level 3.0 Spellcasting
 + Level 6.9 Transmutations
 - Level 3.0 Ice Magic


You had 8 spell levels left.
You knew the following spells:

 Your Spells              Type           Power      Damage    Failure   Level
a - Beastly Appendage     Tmut           64%        N/A       1%          1
b - Ice Form              Ice/Tmut       23%        N/A       17%         4

Your spell library contained the following spells:

 Spells                   Type           Power      Damage    Failure   Level
 Wereblood                Tmut           32%        N/A       1%          2
 Spider Form              Tmut/Pois      17%        N/A       10%         3
 Magic Dart               Conj           12%        1d3       13%         1
 Necrotise                Necr           12%        1d4       13%         1
 Summon Small Mammal      Summ           12%        N/A       13%         1
 Call Imp                 Summ           3%         N/A       21%         2
 Call Canine Familiar     Summ           3%         N/A       36%         3
 Dazzling Flash           Conj/Hex       6%         N/A       36%         3
 Mephitic Cloud           Conj/Pois/Air  3%         N/A       36%         3
 Summon Guardian Golem    Hex/Summ       3%         N/A       36%         3
 Vampiric Draining        Necr           3%         2d6       36%         3
 Iskenderun's Mystic Bla  Conj/Tloc      3%         2d3       78%         4
 Agony                    Necr           3%         N/A       98%         5
 Silence                  Hex/Air        1%         N/A       98%         5
 Starburst                Conj/Fire      1%         6d3       100%        6


Dungeon Overview and Level Annotations

Branches:
Dungeon (7/15)             Temple (1/1) D:4

Altars:
Cheibriados
Dithmenos
Hepliaklqana
Makhleb
Nemelex Xobeh
Okawaru
Qazlal
Ru
Sif Muna
Trog
Wu Jian
Xom

Shops:
D:4 [


Innate Abilities, Weirdness & Mutations

You are a creature of crystalline ice.
You have a powerful freezing melee attack.
You are amphibious.
Your maximum health is increased.
Your armour is entirely melded.
You are incapable of wielding weapons or throwing items.
((You can breathe blasts of noxious fumes.))
((Your lurid green scales are hard. (AC +6)))
You cannot fit into any form of body armour.
((Your system is resistant to poisons. (rPois)))
((You are cold-blooded and may be slowed by cold attacks.))


Message History

The orc hits you with a +0 hand axe. The orc barely misses you.
The wight barely misses you. The wight hits you with a +0 war axe!
You feel drained.
You barely miss the wight.
The wight is almost destroyed.
The orc closely misses you. The orc hits you but does no damage.
The wight barely misses you.
The wight hits you with a +4 morningstar.
The wight hits you with a +0 war axe! The orc closely misses you.
The orc barely misses you. The wight hits you but does no damage.
The wight hits you with a +4 morningstar!
The wight hits you with a +0 war axe.
You climb upwards.
There is a stone staircase leading down here.
You punch the wight! You freeze the wight.
The wight is almost destroyed.
The wight hits you with a +0 war axe.
You feel drained. The orc hits you but does no damage.
The wight hits you with a +4 morningstar!
The orc barely misses you.
You barely miss the wight.
The wight is almost destroyed.
The wight hits you with a +0 war axe. The orc hits you but does no damage.
The wight closely misses you. The orc hits you but does no damage.
You hit the wight but do no damage.
The wight is almost destroyed.
The wight barely misses you. The orc hits you but does no damage.
The wight hits you with a +4 morningstar!
* * * LOW HITPOINT WARNING * * *
The orc hits you but does no damage.
You barely miss the wight.
The wight is almost destroyed.
You pummel the wight!!
You destroy the wight!
The Council accepts your kill.
The wight hits you with a +4 morningstar!
* * * LOW HITPOINT WARNING * * *
The orc hits you but does no damage. The orc hits you with a +0 hand axe.
You die...

#########.##...#
#.###.## #
#.##...# ##
#..#.#.# #.
##.#.#.## ##.
###.#.#..###
##..
#.....##...##
##..#
#..o.#####..#
#..## #zY).#
##.###.## #o...#
#..#..# #....#
##...#### #....#
#....=.# #....#
#####..# ######
####


You could see a wight and 2 orcs.

Vanquished Creatures
  Menkaure (D:6)
  An orc warrior (D:6)
  2 sky beasts (D:6)
  2 ogres
  A kobold brigand (D:6)
  2 bullfrogs (D:6)
  A gnoll sergeant (D:6)
  3 scorpions
  A wight (D:6)
  A howler monkey (D:5)
  An orc priest (D:6)
  A hound (D:6)
  A gnoll bouda (D:4)
  2 sleepcaps
  3 iguanas
  An orc wizard (D:3)
  7 gnolls
  3 adders
  A worm (D:2)
  3 dart slugs
  8 orcs
  4 bats
  7 endoplasms
  4 hobgoblins
  3 jackals (D:1)
  9 kobolds
  4 quokkas
  5 ball pythons
  3 frilled lizards (D:2)
  7 goblins
  4 rats
96 creatures vanquished.

Vanquished Creatures (others)
  21 fungi (D:3)
21 creatures vanquished.

Grand Total: 117 creatures vanquished

Notes
Turn   | Place    | Note
-------+----------+-------------------------------------------
     0 | D:1      | Norrock the Draconian Transmuter began the quest for the
                  | Orb.
     0 | D:1      | Reached XP level 1. HP: 16/16 MP: 3/3
   248 | D:1      | Reached XP level 2. HP: 23/23 MP: 3/5
  1036 | D:2      | Reached XP level 3. HP: 29/29 MP: 4/6
  1179 | D:2      | Found a faded altar of an unknown god.
  1573 | D:3      | Found a stormy altar of Qazlal.
  1855 | D:3      | Reached XP level 4. HP: 30/37 MP: 5/8
  2410 | D:4      | Reached XP level 5. HP: 19/42 MP: 9/9
  2530 | D:4      | Reached skill level 4 in Unarmed Combat
  2535 | D:4      | Learned a level 4 spell: Ice Form
  2608 | D:4      | Found a staircase to the Ecumenical Temple.
  2613 | Temple   | Entered the Ecumenical Temple
  2625 | Temple   | Became a worshipper of the Wu Jian Council
  2703 | D:4      | Reached skill level 1 in Ice Magic
  3025 | D:4      | Found Tuhun's Antique Armour Shoppe.
  3246 | D:4      | Reached XP level 6. HP: 36/51 MP: 8/10
  3257 | D:4      | Found a sparkling altar of Nemelex Xobeh.
  3360 | D:5      | Entered Level 5 of the Dungeon
  4107 | D:6      | Reached skill level 5 in Unarmed Combat
  4107 | D:6      | Your scales start taking on a lurid green colour.
  4107 | D:6      | Reached XP level 7. HP: 29/57 MP: 11/11
  4107 | D:6      | Gained mutation: Your system is resistant to poisons.
                  | (rPois) [Green Draconian growth]
  4329 | D:6      | Reached * piety under Wu Jian
  4334 | D:6      | Reached skill level 5 in Transmutations
  4433 | D:6      | Reached skill level 6 in Unarmed Combat
  4469 | D:6      | Noticed Menkaure
  4490 | D:6      | Reached XP level 8. HP: 30/63 MP: 12/12
  4719 | D:6      | Killed Menkaure
  4986 | D:6      | Reached skill level 7 in Unarmed Combat
  5252 | D:6      | HP: 2/72 [wight/+4 morningstar (14)]
  5252 | D:6      | Slain by an orc

Illustrated notes

Levels and vault maps discovered:
D:1:      psy_arrival_spokes, layout_basic,
          nicolae_concentric_dashed_squares_mild
D:2:      layout_basic, hellmonk_ecumenical_altar_pennies_from_heaven
D:3:      layout_loops_ring, mainiacjoe_overflow_cross_hatched
D:4:      layout_rooms, nemelex_spade_bored_becter,
          minmay_temple_entry_statues_pillars, serial_shops, nicolae_square_shop
D:5:      layout_basic
D:6:      layout_rooms, palyth_stone_intersect, uniq_menkaure
D:7:      layout_cave_pools, gammafunk_temple_overflow_statue,
          gammafunk_ghost_icy, guppyfry_early_elven_hall
Temple:   hellmonk_temple_rainy

Skill      XL: |  1  2  3  4  5  6  7  8 |
---------------+-------------------------+-----
Fighting       | 2 3 |  3.0
Transmutations | 3 4 5 6 |  6.9
Unarmed Combat | 4 5 6 7 |  7.2
Spellcasting   | 3 |  3.0
Ice Magic      | 1 2 3 |  3.0
Dodging        | |  1.7

Action                     |  1- 3 |  4- 6 |  7- 9 || total
---------------------------+-------+-------+-------++-------
  Melee: Unarmed           |   109 |   146 |    94 ||   349
         Kick              |    21 |    35 |     7 ||    63
         Tailslap          |     8 |    25 |     7 ||    40
         Headbutt          |    11 |    24 |     9 ||    44
         Punch             |     3 |     4 |       ||     7
   Cast: Beastly Appendage |    20 |    16 |     4 ||    40
         Ice Form          |       |       |     4 ||     4
Ability: Lunge             |       |    13 |     5 ||    18
         Breathe Noxious F |       |       |     1 ||     1
    Use: Scroll            |       |     6 |     1 ||     7
         Potion            |       |     2 |       ||     2
   Stab: Sleeping          |     2 |     1 |       ||     3
         Confused          |       |       |     2 ||     2
 Armour: Skin              |    26 |    41 |    33 ||   100
  Dodge: Dodged            |    68 |    68 |    47 ||   183

Table legend: (Time is in decaauts)
 A = Elapsed time spent in this place.
 B = Non-inter-level travel time spent in this place.
 C = Inter-level travel time spent in this place.
 D = Time resting spent in this place.
 E = Time spent auto-exploring this place.
 F = Levels seen in this place.
 G = Mean time per level.
                   A        B        C        D        E       F      G
               +--------+--------+--------+--------+--------+-----+--------+
         Total |   5228 |   5107 |    121 |   1129 |   2438 |   8 |  653.5 |
       Dungeon |   5203 |   5082 |    121 |   1129 |   2438 |   7 |  743.3 |
        Temple |     24 |     24 |      0 |      0 |      0 |   1 |   24.0 |
               +--------+--------+--------+--------+--------+-----+--------+

Top non-repeatable levels by time:
     D:6: 975 daAuts
     D:4: 905 daAuts
     D:5: 895 daAuts
     D:1: 889 daAuts
     D:3: 862 daAuts
     D:2: 667 daAuts
  Temple: 24 daAuts
     D:7: 9 daAuts
